 Dungeon Crawl Stone Soup version 0.21-a0-465-g8120a92d9c (webtiles) character file.

32 Kaname the Conjurer (level 3, 13/24 HPs)
             Began as a Demonspawn Wizard on Nov 21, 2017.
             Quit the game on level 2 of the Dungeon.
             The game lasted 00:01:59 (992 turns).

Kaname the Conjurer (Demonspawn Wizard)              Turns: 992, Time: 00:01:59

Health: 13/24      AC:  8    Str:  7    XL:     3   Next: 10%
Magic:  7/7        EV: 12    Int: 20    God:
Gold:   59         SH:  0    Dex: 11    Spells: 5/8 levels left

rFire    . . .     SeeInvis .   j - +2 whip (venom)
rCold    . . .     Gourm    .   (no shield)
rNeg     . . .     Faith    .   a - +0 robe
rPois    .         Spirit   .   b - +0 hat
rElec    .         Reflect  .   (no cloak)
rCorr    .         Harm     .   (no gloves)
MR       .....                  (no boots)
Stlth    ++........             (no amulet)
HPRegen  0.08/turn              (no ring)
MPRegen  0.10/turn              (no ring)

@: sanguine armour
A: claws 1, sanguine armour 1
a: no special abilities


You were on level 2 of the Dungeon.
You were not hungry.

You visited 1 branch of the dungeon, and saw 2 of its levels.

You collected 59 gold pieces.

Inventory:

Hand Weapons
 j - a +2 whip of venom (weapon)
Armour
 a - a +0 robe (worn)
 b - a +0 hat (worn)
Jewellery
 h - a +3 ring of dexterity {unknown}
Scrolls
 g - a scroll of remove curse {unknown}
 i - a scroll of amnesia {unknown}
 l - a scroll of identify {unknown}
Potions
 e - 2 potions of lignification {unknown}
 m - 2 potions of magic {unknown}
Books
 c - a book of Minor Magic

   Spells                             Type                      Level
   a - Magic Dart                     Conjuration                  1
   b - Blink                          Translocation                2
   c - Call Imp                       Summoning                    2
   d - Slow                           Hexes                        2
   e - Conjure Flame                  Conjuration/Fire             3
   f - Mephitic Cloud                 Conjuration/Poison/Air       3
Comestibles
 d - a bread ration
 f - a meat ration
 k - 4 fruits


   Skills:
 - Level 1.7 Dodging
 - Level 1.7 Stealth
 - Level 3.0 Spellcasting
 + Level 3.1 Conjurations
   Level 1.0 Summonings
 - Level 0.8 Translocations


You had 5 spell levels left.
You knew the following spells:

 Your Spells              Type           Power        Failure   Level  Hunger
a - Magic Dart            Conj           ###.         4%          1    None
b - Blink                 Tloc           N/A          16%         2    ##.....


Dungeon Overview and Level Annotations

Branches:
Dungeon (2/15)

Altars:
Ru


Innate Abilities, Weirdness & Mutations

You have sharp fingernails.
When seriously injured, your bleeding wounds create armour. (AC +6)


Message History

The ooze is moderately wounded.
The ooze misses you.
You hit the ooze.
The ooze is heavily wounded.
The ooze closely misses you. The ooze hits you.
You hit the ooze.
The ooze is severely wounded.
The ooze hits you.
You hit the ooze.
The ooze is almost dead.
The ooze hits you but does no damage.
You hit the ooze.
You kill the ooze!
You have reached level 3!
Your experience leads to an increase in your attributes!
Increase (S)trength, (I)ntelligence, or (D)exterity?
You feel clever.
Your demonic ancestry asserts itself...
You feel your blood ready itself to protect you.
Your blood congeals into armour.
Are you sure you want to abandon this character and quit the game? (Confirm with "yes".)

#..##### ###
#.## # #.# #
##.# ####..#
#....##
#.#### #.#
#@# #.# ...
.....
<......
.........
......(...#
############


There were no monsters in sight!

Vanquished Creatures
  An ooze (D:2)
  2 dart slugs (D:1)
  A leopard gecko (D:1)
  3 giant cockroaches
  2 goblins (D:2)
  3 hobgoblins
  2 jackals (D:1)
  3 kobolds
  2 bats (D:1)
  2 frilled lizards
  A rat (D:1)
22 creatures vanquished.

Notes
Turn   | Place    | Note
-------+----------+-------------------------------------------
     0 | D:1      | Kaname the Demonspawn Wizard began the quest for the Orb.
     0 | D:1      | Reached XP level 1. HP: 13/13 MP: 4/4
   258 | D:1      | Gained mutation: You have sharp fingernails. [demonic ancestry]
   258 | D:1      | Reached XP level 2. HP: 19/19 MP: 4/6
   660 | D:2      | Found a sacrificial altar of Ru.
   930 | D:2      | Learned a level 2 spell: Blink
   991 | D:2      | Gained mutation: When seriously injured, your bleeding wounds create armour. (AC +6) [demonic ancestry]
   991 | D:2      | Reached XP level 3. HP: 13/24 MP: 7/7
   992 | D:2      | Quit the game

Vault maps used:
D:1:      dpeg_arrival_chambers_temple_mockup
D:2:      nicolae_ru_great_annihilating_truth, uniq_jessica

Skill      XL: |  1  2 |
---------------+-------+-----
Conjurations   | 2 3 |  3.1
Dodging        | |  1.7
Stealth        | |  1.7
Spellcasting   | |  3.0
Summonings     | |  1.0
Translocations | |  0.8

Action                   || total
-------------------------++-------
Melee: Mace              ||     6
       Unarmed           ||     1
       Whip              ||    43
 Cast: Magic Dart        ||    14
 Stab: Sleeping          ||     3
       Paralysed         ||     1
Armor: Robe              ||    13
Dodge: Dodged            ||    30

Table legend:
 A = Spawn XP
 B = Non-spawn XP
 C = Spawn XP percentage of total XP
 D = Spawn monster count
 E = Non-spawn monster count
 F = Spawn count percentage of total count
 G = Total turns spent on level
                    A         B        C        D         E        F      G
               +---------+---------+-------+---------+---------+-------+---------
         Total |       0 |      47 |   0.0 |       0 |      22 |   0.0 |   992
               +---------+---------+-------+---------+---------+-------+---------
           D:1 |       0 |      28 |   0.0 |       0 |      14 |   0.0 |   652
           D:2 |       0 |      19 |   0.0 |       0 |       8 |   0.0 |   340
               +---------+---------+-------+---------+---------+-------+---------
